 Dungeon Crawl Stone Soup version 0.31-a0-202-g547052bce9 (webtiles) character file.

Game seed: 833109471353061329

4 qw the Shooter (level 1, -3/12 HPs)
             Began as a Deep Elf Hunter on June 26, 2023.
             Succumbed to a kobold's poison
             ... on level 1 of the Dungeon.
             The game lasted 00:00:03 (51 turns).

qw the Shooter (Deep Elf Hunter)                      Turns: 51, Time: 00:00:03

Health: -3/12      AC:  3    Str:  8    XL:     1   Next: 50%
Magic:  3/3        EV: 12    Int: 13    God:
Gold:   0          SH:  0    Dex: 18    Spells: 0/0 levels left

rFire   . . .        a - +0 shortbow
rCold   . . .        (shield currently unavailable)
rNeg    . . .        c - +0 leather armour
rPois   .            (no helmet)
rElec   .            (no cloak)
rCorr   .            (no gloves)
SInv    .            (no boots)
Will    .....        (no amulet)
Stlth   ++           (no ring)
HPRegen 0.22/turn    (no ring)
MPRegen 0.08/turn

%: no passive effects
@: lethally poisoned (-3 -> -17)
A: no striking features
a: no special abilities


You were on level 1 of the Dungeon.
You visited 1 branch of the dungeon, and saw 1 of its levels.


   Skills:
 - Level 1.5 Fighting
 + Level 5.6 Ranged Weapons
 - Level 2.4 Dodging
 - Level 1.2 Stealth


You couldn't memorise any spells.
You didn't know any spells.
Your spell library was empty.

Inventory:

Hand Weapons
 a - a +0 shortbow (weapon)
Armour
 c - a +0 leather armour (worn)
Scrolls
 b - a scroll of butterflies

Dungeon Overview and Level Annotations

Branches:
Dungeon (1/15)

Altars:


Message History

The hobgoblin is severely wounded.
You shoot an arrow.
The arrow hits the hobgoblin but does no damage.
The hobgoblin is severely wounded.
A ball python comes into view.
An endoplasm comes into view.
The hobgoblin hits you.
You shoot an arrow. The endoplasm quivers.
The ball python hisses angrily.
The arrow hits the hobgoblin but does no damage.
The hobgoblin is severely wounded.
The hobgoblin hits you.
You shoot an arrow.
The arrow hits the hobgoblin but does no damage.
The hobgoblin is severely wounded.
The hobgoblin closely misses you.
A hobgoblin comes into view.
You shoot an arrow. The hobgoblin shouts!
The arrow hits the hobgoblin.
The hobgoblin is almost dead.
The hobgoblin barely misses you.
You shoot an arrow.
The arrow hits the hobgoblin but does no damage.
The hobgoblin is almost dead.
The hobgoblin hits you but does no damage.
The kobold hits you with a +1 dagger of venom.
You are lethally poisoned!
The hobgoblin hits you but does no damage.
The kobold hits you but does no damage.
You are more poisoned.
You shoot an arrow.
The arrow hits the hobgoblin but does no damage.
The hobgoblin is almost dead.
Ouch! That really hurt!
You feel very sick. The kobold barely misses you. The hobgoblin misses you.
You shoot an arrow. The arrow barely misses the hobgoblin.
The arrow barely misses the ball python.
You die...

..# #..#
#... ##...
##..g
.######.SJ
.......Kg#
#....._@#
#.......##
######...##
##...###
##....# #.#
##...# #.#
##..# #.#
#..# #.#
#.## #.#


You could see an endoplasm, 2 hobgoblins, a ball python and a kobold.

Vanquished Creatures
  A hobgoblin (D:1)
  A quokka (D:1)
  2 kobolds (D:1)
4 creatures vanquished.

Notes
Turn   | Place    | Note
-------+----------+-------------------------------------------
     0 | D:1      | qw the Deep Elf Hunter began the quest for the Orb.
     0 | D:1      | Reached XP level 1. HP: 12/12 MP: 3/3
     0 | D:1      | 0 ||| qw: Version: 0.3-a-22-g0ed2b0b
     0 | D:1      | 0 ||| qw: Game counter: 6255
     0 | D:1      | 0 ||| qw: Melee chars always use a shield: true
     0 | D:1      | 0 ||| qw: God list: Okawaru
     0 | D:1      | 0 ||| qw: Allow faded altars: false
     0 | D:1      | 0 ||| qw: Do Orc after clearing Dungeon:15 true
     0 | D:1      | 0 ||| qw: Do second Lair branch before Depths: true
     0 | D:1      | 0 ||| qw: Lair rune preference: random
     0 | D:1      | 0 ||| qw: Goals: Normal
     0 | D:1      | 0 ||| PLANNING D:1-11
    29 | D:1      | Found a faded altar of an unknown god.
    50 | D:1      | HP: 1/12 [poisoned by a kobold]
    51 | D:1      | Succumbed to a kobold's poison

Levels and vault maps discovered:
D:1:      wander_arrival_lonely_grave, layout_loops_ring,
          hellmonk_ecumenical_altar_crossroads, serial_bayou_pond_d

Action                     || total
---------------------------++-------
   Fire: Shortbow          ||    22
 Armour: Leather armour    ||     3
  Dodge: Dodged            ||     4

Table legend:
 A = Non-vault XP
 B = Vault XP
 C = Vault XP percentage of total XP
 D = Non-vault monster count
 E = Vault monster count
 F = Vault count percentage of total count
                 A         B        C        D         E       F
            +---------+---------+-------+---------+---------+-------
      Total |       6 |       0 |   0.0 |       4 |       0 |   0.0
            +---------+---------+-------+---------+---------+-------
        D:1 |       6 |       0 |   0.0 |       4 |       0 |   0.0
            +---------+---------+-------+---------+---------+-------
